 Dungeon Crawl Stone Soup version 0.23-a0-663-g304f35b (webtiles) character file.

54 Blackhawk the Poker (level 3, -3/30 HPs)
             Began as a Merfolk Monk on Jan 7, 2019.
             Killed from afar by an orc wizard (7 damage)
             ... with a puff of flame
             ... on level 3 of the Dungeon.
             The game lasted 00:02:10 (1588 turns).

Blackhawk the Poker (Merfolk Monk)                  Turns: 1588, Time: 00:02:10

Health: -3/30      AC:  8    Str: 12    XL:     3   Next: 91%
Magic:  3/3        EV:  9    Int:  9    God:
Gold:   104        SH:  0    Dex: 16    Spells: 2/2 levels left

rFire    . . .     SeeInvis .   a - +0 spear
rCold    . . .     Gourm    .   (no shield)
rNeg     . . .     Faith    .   e - +0 chain mail
rPois    .         Spirit   .   (no helmet)
rElec    .         Reflect  .   (no cloak)
rCorr    .         Harm     .   (no gloves)
MR       .....                  (boots currently unavailable)
Stlth    ..........             (no amulet)
HPRegen  0.10/turn              (no ring)
MPRegen  0.08/turn              (no ring)

@: very quick
A: change form in water, swift swim, stealthy swim
a: no special abilities


You were on level 3 of the Dungeon.
You were not hungry.

You visited 1 branch of the dungeon, and saw 3 of its levels.

You collected 104 gold pieces.

Inventory:

Hand Weapons
 a - a +0 spear (weapon)
Armour
 b - a +0 robe
 e - a +0 chain mail (worn)
 s - a cursed +0 pair of boots (melded)
Jewellery
 q - an uncursed ring of protection from cold {unknown}
Scrolls
 d - a scroll of noise {unknown}
 f - a scroll of remove curse {unknown}
 h - a scroll of magic mapping {unknown}
 k - 3 scrolls of identify {unknown}
 m - a scroll of teleportation {unknown}
 n - a scroll of fog {unknown}
 p - a scroll of immolation {unknown}
Potions
 g - a potion of magic {unknown}
 i - a potion of curing {unknown}
 j - 3 potions of agility {unknown}
 l - a potion of degeneration {unknown}
 o - a potion of flight {unknown}
 r - a potion of heal wounds {unknown}
 t - a potion of resistance {unknown}
Comestibles
 c - 7 rations


   Skills:
 + Level 3.8 Fighting
 + Level 5.1 Polearms
 + Level 0.4 Armour
 + Level 4.6 Dodging
 - Level 2.7 Stealth


You had 2 spell levels left.
You didn't know any spells.
Your spell library contained the following spells:

 Spells                   Type           Power        Failure   Level  Hunger
 Magic Dart               Conj           #...         100%        1    ##.....
 Blink                    Tloc           N/A          100%        2    ###....
 Call Imp                 Summ           #.......     100%        2    ###....
 Slow                     Hex            #.......     100%        2    ###....
 Conjure Flame            Conj/Fire      #.......     100%        3    ####...
 Mephitic Cloud           Conj/Pois/Air  #.......     100%        3    ####...


Dungeon Overview and Level Annotations

Branches:
Dungeon (3/15)

Altars:


Message History

The orc wizard hits you with a +0 dagger.
You closely miss the orc wizard.
The orc wizard is severely wounded.
You miss the orc wizard.
The orc wizard is severely wounded.
The orc wizard points at you and mumbles some strange words.
The puff of frost hits you!
* * * LOW HITPOINT WARNING * * *
You hit the orc wizard but do no damage.
The orc wizard is severely wounded.
The orc wizard mumbles some strange words.
The orc wizard flickers and vanishes!
Deactivating autopickup; reactivate with Ctrl-A.
Your legs become a tail as you enter the water.
Your cursed +0 pair of boots melds into your body.
Something hits you.
* * * LOW HITPOINT WARNING * * *
A puff of flame appears from out of thin air!
The puff of flame hits you!
You die...

#..≈≈≈≈≈≈≈
#..≈≈≈≈≈≈≈≈
#≈≈≈≈≈.≈≈≈≈
#.≈≈≈≈≈_.≈≈
##≈≈≈≈≈♣≈.≈≈
#...≈≈≈≈≈≈≈≈
#{)≈≈≈≈≈≈≈≈≈
########.≈§@≈≈≈≈≈≈≈
.......<.≈≈≈.≈.≈≈..
#########≈.≈...≈.≈.
###.####... ..# ..
### .


There were no monsters in sight!

Vanquished Creatures
  An ooze (D:2)
  2 leopard geckos (D:1)
  3 orcs (D:3)
  2 ball pythons
  2 bats (D:1)
  A giant cockroach (D:1)
  7 goblins
  11 hobgoblins
  2 frilled lizards
  5 kobolds
  4 rats
40 creatures vanquished.

Notes
Turn   | Place    | Note
-------+----------+-------------------------------------------
     0 | D:1      | Blackhawk the Merfolk Monk began the quest for the Orb.
     0 | D:1      | Reached XP level 1. HP: 18/18 MP: 1/1
   185 | D:1      | Reached XP level 2. HP: 24/24 MP: 2/2
   443 | D:1      | Reached XP level 3. HP: 24/29 MP: 3/3
   936 | D:2      | Reached skill level 5 in Polearms
  1556 | D:3      | Found a faded altar of an unknown god.
  1588 | D:3      | Killed from afar by an orc wizard

Vault maps used:
D:1:      zaba_arrival_water, hangedman_abyss_or_decor_stabs
D:2:      wander_river, minmay_misc_feat_encased
D:3:      chequers_ecumenical_altar_island, gammafunk_ghost_arena,
          minmay_goblin_outpost

Skill      XL: |  1  2  3 |
---------------+----------+-----
Polearms       | 5 |  5.1
Fighting       | |  3.8
Armour         | |  0.4
Dodging        | |  4.6
Stealth        | |  2.7

Action                   || total
-------------------------++-------
Melee: Spear             ||   171
 Stab: Sleeping          ||     2
  Eat: Chunk             ||     2
Armor: Chain mail        ||    57
Dodge: Dodged            ||    39

Table legend:
 A = Non-vault XP
 B = Vault XP
 C = Vault XP percentage of total XP
 D = Non-vault monster count
 E = Vault monster count
 F = Vault count percentage of total count
                 A         B        C        D         E       F
            +---------+---------+-------+---------+---------+-------
      Total |      78 |       0 |   0.0 |      40 |       0 |   0.0
            +---------+---------+-------+---------+---------+-------
        D:1 |      46 |       0 |   0.0 |      26 |       0 |   0.0
        D:2 |      23 |       0 |   0.0 |      11 |       0 |   0.0
        D:3 |       9 |       0 |   0.0 |       3 |       0 |   0.0
            +---------+---------+-------+---------+---------+-------
